 Dungeon Crawl Stone Soup version 0.29-a0-520-gc852659d43 (webtiles) character file.

Game seed: 14988809977910960813

22193 Pelinal the Thaumaturge (level 13, -4/99 HPs)
             Began as a Djinni Necromancer on May 31, 2022.
             Was a Priest of Makhleb.
             Slain by a blink frog (10 damage)
             ... on level 3 of the Lair of Beasts.
             The game lasted 00:35:35 (15486 turns).

Pelinal the Thaumaturge (Djinni Necromancer)       Turns: 15486, Time: 00:35:35

Health: -4/99      AC: 12    Str:  7    XL:     13   Next: 25%
Gold:   536        EV: 10    Int: 21    God:    Makhleb [***...] SH:  0 Dex: 15

rFire   + + .      SeeInvis .   x - staff of air
rCold   . . .      Faith    +   (no shield)
rNeg    + . .      Spirit   .   U - +2 ring mail {rC+}
rPois   ∞          Reflect  .   p - +2 helmet
rElec   +          Harm     .   D - +0 cloak
rCorr   .          Rampage  .   L - +0 pair of gloves
Will    +....                   (boots unavailable)
Stlth   +++.......              T - amulet of faith
HPRegen 0.26/turn               B - ring of wizardry
MPRegen 0.00/turn               A - ring of positive energy

@: flying
A: sickness immunity, fire resistance 2, cold vulnerability 1, float, innate
caster, HP casting, extra vitality 1
a: Renounce Religion, Minor Destruction, Lesser Servant of Makhleb


You were on level 3 of the Lair of Beasts.
You worshipped Makhleb.
Makhleb was most pleased with you.
You visited 3 branches of the dungeon, and saw 14 of its levels.

You collected 753 gold pieces.
You spent 217 gold pieces at shops.

Inventory:

Hand Weapons
 E - a +2 dagger of venom
 V - the +3 rapier of Doom {vorpal, rPois rN+ Str-2}
   (You found it on level 1 of the Lair of Beasts)

   It inflicts extra damage upon your enemies.
   Str:       It affects your strength (-2).
   rPois:     It protects you from poison.
   rN:        It protects you from negative energy.
Missiles
 m - 20 poisoned darts
 R - 3 curare-tipped darts
Armour
 i - a +2 robe of cold resistance
 k - a +0 leather armour of willpower
 p - a +2 helmet (worn)
 D - a +0 cloak (worn)
 L - a +0 pair of gloves (worn)
 U - a +2 ring mail of cold resistance (worn)
Magical Staves
 x - a staff of air (weapon)
 y - a staff of poison
Jewellery
 d - an amulet of the acrobat
 A - a ring of positive energy (right hand)
 B - a ring of wizardry (left hand)
 T - an amulet of faith (around neck)
Wands
 f - a wand of paralysis (6)
 s - a wand of digging (14)
 u - a wand of flame (72)
 M - a wand of polymorph (12)
 Q - a wand of iceblast (4)
Scrolls
 c - 2 scrolls of blinking
 e - 2 scrolls of fog {unknown}
 g - 3 scrolls of immolation {unknown}
 l - 2 scrolls of enchant armour
 n - 5 scrolls of teleportation
 o - 3 scrolls of summoning
 q - a scroll of amnesia {unknown}
 r - a scroll of magic mapping {unknown}
 v - a scroll of noise {unknown}
 w - 2 scrolls of vulnerability
 z - a scroll of poison
 F - 2 scrolls of identify
 G - a scroll of brand weapon {unknown}
 N - a scroll of silence {unknown}
 P - 2 scrolls of enchant weapon {unknown}
Potions
 a - a potion of might
 b - 3 potions of curing
 h - 3 potions of heal wounds
 j - 7 potions of cancellation
 t - a potion of ambrosia {unknown}
 C - 6 potions of mutation
 H - 3 potions of attraction
 I - 2 potions of haste {unknown}
 J - 2 potions of flight {unknown}
 O - 2 potions of invisibility {unknown}
 S - 2 potions of brilliance {unknown}


   Skills:
 - Level 11.0 Fighting
 - Level 5.8 Short Blades
 - Level 2.1 Dodging
 - Level 6.1 Stealth
 * Level 12.4 Spellcasting
 + Level 2.1 Invocations
 + Level 2.1 Evocations


You had 6 spell levels left.
You knew the following spells:

 Your Spells              Type           Power      Damage    Failure   Level
a - Necrotize             Necr           100%       1d9       1%          1
b - Stone Arrow           Conj/Erth      100%       3d13      1%          3
c - Vampiric Draining     Necr           60%        2d10      1%          3
d - Agony                 Necr           60%        N/A       1%          5
e - Animate Dead          Necr           60%        N/A       1%          4
f - Poisonous Vapours     Pois/Air       100%       N/A       1%          2
g - Ensorcelled Hibernat  Hex/Ice        100%       N/A       1%          2
h - Freeze                Ice            100%       1d11      1%          1
i - Cause Fear            Hex            30%        N/A       1%          4
j - Lightning Bolt        Conj/Air       39%        1d57      1%          5
Your spell library was empty.

Dungeon Overview and Level Annotations

Branches:
Dungeon (10/15)            Temple (1/1) D:5            Lair (3/6) D:9
  Swamp: Lair:2-4    Shoals: Lair:2-4     Snake: Lair:2-4    Spider: Lair:2-4
    Orc: D:9-12

Altars:
Ashenzari
Cheibriados
Dithmenos
Elyvilon
Fedhas
Gozag
Hepliaklqana
Kikubaaqudgha
Makhleb
Nemelex Xobeh
Okawaru
Qazlal
Ru
Trog
Uskayaw
Vehumet
Wu Jian
Xom
Yredelemnul
Zin
The Shining One

Shops:
D:5 [   D:8 ==

Annotations:
D:2 1 runed translucent door, Crazy Yiuf
D:6 3 runed translucent doors, croobank's ghost, novice OpBe
D:9 2 transporters


Innate Abilities, Weirdness & Mutations

You are immune to sickness and miasma.
You are immune to poison.
Your flesh is very heat resistant. (rF++)
You are vulnerable to cold. (rC-)
You float through the air rather than walking.
You learn spells naturally, not from books.
Your magical power is your life essence.
You have superior vitality. (+4 MHP)


Message History

Your hellwing closely misses the blink frog.
Your hellwing hits the blink frog.
Your komodo dragon zombie completely misses the blink frog.
The blink frog hits your hellwing!
The blink frog blinks!
You swap places.
Your black mamba zombie barely misses the blink frog.
Your komodo dragon zombie bites the yak!!
The blink frog barely misses your black mamba zombie.
Your hellwing swoops through the air toward the blink frog!
Your hellwing hits the blink frog!
Your hellwing closely misses the blink frog.
Your black mamba zombie barely misses the blink frog.
The blink frog barely misses your black mamba zombie.
Your black mamba zombie misses the blink frog.
Your hellwing hits the blink frog. Your hellwing misses the blink frog.
The blink frog hits your hellwing!
Casting: Poisonous Vapours (safe; 1% risk of failure)
Confirm with . or Enter, or press ? or * to list all spells.
Aiming: Vampiric Draining (safe; 1% risk of failure)
Press: ? - help, Shift-Dir - straight line, f - yak, p - blink frog
Aim: a yak (severely wounded)
You draw life force from the yak.
You feel life coursing into your body.
* * * LOW HITPOINT WARNING * * *
Your black mamba zombie bites the blink frog!
The blink frog dies!
Makhleb accepts your kill. The yak gores you but does no damage.
Your blink frog zombie barely misses the yak.
Something hits your komodo dragon zombie.
Your komodo dragon zombie bites the yak!!
The yak dies!
Makhleb accepts your kill.
Your Invocations skill increases to level 2!
Your Evocations skill increases to level 2!
The blink frog blinks!
The blink frog hits you!
* * * LOW HITPOINT WARNING * * *
The yak gores your komodo dragon zombie!
The blink frog hits you!
You die... .<.♣ .. . .[....Y..
P.#. ......... #..# [♣..w#### #..### . .YlY#

#..#.# # ...... ...#
...♣... ##.# #####
#......#.###.F###...#
....YYZZ..@4...P#
...#..Z.#Z####.###
#.#.####†.###.#.#
......##..#....####..#
........†.....#...†..#
........<...P...####.#
#.#............#.#
##..P######...## #.P.P
#....#


You could see 2 yaks, a blink frog (ally target), a friendly hellwing
(summoned), a friendly komodo dragon zombie, a friendly black mamba zombie, a
friendly blink frog zombie and a friendly torpor snail zombie.

Vanquished Creatures
  A hydra (Lair:1)
  4 death yaks (Lair:2)
  A deep elf pyromancer (D:8)
  An elephant (Lair:2)
  2 gargoyles (D:9)
  5 black mambas
  8 cane toads
  2 kobold demonologists (D:9)
  3 komodo dragons
  A troll (D:9)
  4 blink frogs
  A hornet (D:9)
  Prince Ribbit (D:7)
  3 wyverns
  4 yaks (Lair:1)
  A wraith (D:9)
  2 basilisks
  Menkaure (D:6)
  4 water moccasins
  A warg (Lair:1)
  3 orc warriors
  Duvessa (D:7)
  3 ogres
  3 wolves (Lair:1)
  3 centaurs (D:6)
  A phantom (D:5)
  10 bullfrogs
  7 scorpions
  11 wights
  Dowan (D:7)
  7 killer bees (D:8)
  An electric eel (Lair:1)
  2 howler monkeys (D:9)
  2 hounds
  7 orc priests
  A jelly (D:7)
  Terence (D:3)
  Jessica (D:3)
  6 orc wizards
  8 gnolls (D:6)
  4 adders
  3 shadow imps
  A white imp (D:6)
  2 ufetubi
  2 worms (D:2)
  A dart slug (D:1)
  30 orcs
  2 bats
  2 endoplasms
  A giant cockroach (D:4)
  8 goblins
  3 hobgoblins
  2 jackals (D:2)
  2 quokkas (D:1)
  9 ball pythons
  5 frilled lizards
  5 kobolds
  6 rats
  A spectral orc (D:7)
218 creatures vanquished.

Vanquished Creatures (collateral kills)
  A hydra (Lair:2)
  A death yak (Lair:2)
  Sonja (Lair:1)
  3 elephants (Lair:2)
  A cane toad (Lair:1)
  A torpor snail (Lair:3)
  2 blink frogs
  3 yaks
  A wraith (D:9)
  A steam dragon (D:9)
  2 water moccasins
  5 black bears
  2 wolves (Lair:1)
  3 bullfrogs
  A wight (D:9)
  A howler monkey (D:9)
  4 orcs
  A ball python (D:1)
  An endoplasm (D:1)
  A hobgoblin (D:2)
  A frilled lizard (D:1)
  A goblin (D:9)
  A kobold (D:9)
39 creatures vanquished.

Vanquished Creatures (others)
  A death yak zombie (Lair:2)
  A hornet zombie (D:9)
  2 blink frog zombies (Lair:2)
  2 water moccasin zombies (D:9)
  2 yak zombies (Lair:1)
  A wolf zombie (Lair:1)
  A basilisk zombie (Lair:2)
  2 bullfrog zombies
  2 black bear zombies (D:9)
  A hound zombie (Lair:1)
  A kobold zombie (D:9)
  2 orc zombies (D:8)
  70 fungi
  50 plants
  3 toadstools (D:1)
141 creatures vanquished.

Grand Total: 398 creatures vanquished

Notes
Turn   | Place    | Note
-------+----------+-------------------------------------------
     0 | D:1      | Pelinal the Djinni Necromancer began the quest for the Orb.
     0 | D:1      | Reached XP level 1. HP: 15/15 MP: 0/0
    84 | D:1      | Reached XP level 2. HP: 11/22 MP: 0/0
    85 | D:1      | Reached skill level 1 in Fighting
   344 | D:1      | Found a faded altar of an unknown god.
   815 | D:1      | Reached XP level 3. HP: 23/27 MP: 0/0
   815 | D:1      | Learned a level 1 spell: Freeze
  1574 | D:2      | Found a runed translucent door.
  1575 | D:2      | Noticed Crazy Yiuf
  1695 | D:2      | Reached XP level 4. HP: 27/33 MP: 0/0
  2390 | D:3      | Noticed Jessica
  2393 | D:3      | Killed Jessica
  2394 | D:3      | Reached skill level 4 in Spellcasting
  2671 | D:3      | Reached XP level 5. HP: 27/40 MP: 0/0
  2671 | D:3      | Learned a level 2 spell: Poisonous Vapours
  2925 | D:3      | Noticed Terence
  2933 | D:3      | Killed Terence
  3063 | D:4      | Reached XP level 6. HP: 43/46 MP: 0/0
  3541 | D:4      | Noticed an ogre
  3546 | D:4      | Killed an ogre
  3547 | D:4      | Reached skill level 5 in Spellcasting
  3624 | D:4      | Reached XP level 7. HP: 40/52 MP: 0/0
  3624 | D:4      | Learned a level 2 spell: Ensorcelled Hibernation
  4210 | D:4      | Found a hide-covered altar of Uskayaw.
  4410 | D:5      | Entered Level 5 of the Dungeon
  4499 | D:5      | Found a staircase to the Ecumenical Temple.
  4514 | Temple   | Entered the Ecumenical Temple
  4977 | D:5      | Found Sylixteck's Antique Armour Shop.
  4998 | D:5      | Reached skill level 6 in Spellcasting
  4998 | D:5      | Reached XP level 8. HP: 48/58 MP: 0/0
  5009 | D:5      | Bought an embroidered robe for 92 gold pieces
  5009 | D:5      | Bought a dyed leather armour for 125 gold pieces
  5291 | D:5      | Identified the +6 rapier "Feadufue" {antimagic, rC- Str+4
                  | Int+5}
  5440 | D:5      | Found a glowing silver altar of Zin.
  5619 | D:6      | Reached skill level 5 in Fighting
  6193 | D:6      | Noticed Menkaure
  6202 | D:6      | Killed Menkaure
  6203 | D:6      | Reached skill level 7 in Spellcasting
  6660 | D:6      | Identified the +0 plate armour of the Equinox {+Inv Will-
                  | Str+4}
  6740 | D:6      | Noticed a green ugly thing
  6742 | D:6      | Noticed croobank's ghost (novice OpBe)
  6751 | D:6      | Found a runed translucent gate.
  6751 | D:6      | Found a runed translucent gate.
  6753 | D:6      | Found a runed translucent gate.
  6791 | D:6      | Reached XP level 9. HP: 56/66 MP: 0/0
  6791 | D:6      | Learned a level 3 spell: Stone Arrow
  7501 | D:7      | Found a burning altar of Makhleb.
  7539 | D:7      | Became a worshipper of Makhleb the Destroyer
  7765 | D:7      | Noticed Prince Ribbit
  7772 | D:7      | Killed Prince Ribbit
  7773 | D:7      | Reached skill level 8 in Spellcasting
  7787 | D:7      | Found a shadowy altar of Dithmenos.
  8159 | D:7      | Found a basalt altar of Yredelemnul.
  8159 | D:7      | Noticed Duvessa
  8159 | D:7      | Noticed Dowan
  8163 | D:7      | Killed Duvessa
  8168 | D:7      | Killed Dowan
  8328 | D:7      | Found a bloodstained altar of Trog.
  8722 | D:8      | Reached XP level 10. HP: 66/75 MP: 0/0
  8782 | D:8      | Found Cinkar's Jewellery Shop.
  8886 | D:8      | Reached * piety under Makhleb
  8938 | D:8      | Reached skill level 9 in Spellcasting
  9236 | D:8      | Found Lidan's Jewellery Shop.
  9434 | D:8      | Noticed a deep elf pyromancer
  9446 | D:8      | Killed a deep elf pyromancer
  9767 | D:9      | Found a transporter.
  9769 | D:9      | Noticed a kobold demonologist
  9769 | D:9      | Noticed a gargoyle
  9780 | D:9      | Killed a gargoyle
  9956 | D:9      | Noticed an orc high priest
  9957 | D:9      | Noticed a kobold demonologist
  9966 | D:9      | Reached skill level 10 in Spellcasting
  9984 | D:9      | Noticed an orc sorcerer
 10028 | D:9      | Found a transporter.
 10030 | D:9      | Identified the +0 great sword "Zetyut" {protect, Int+3}
 10088 | D:9      | Noticed a kobold demonologist
 10088 | D:9      | Noticed a kobold demonologist
 10095 | D:9      | Noticed a sun demon
 10115 | D:9      | Killed a kobold demonologist
 10643 | D:9      | Noticed a gargoyle
 10646 | D:9      | Killed a gargoyle
 10647 | D:9      | Reached XP level 11. HP: 78/84 MP: 0/0
 10647 | D:9      | Learned a level 4 spell: Cause Fear
 10784 | D:9      | Found a staircase to the Lair.
 11145 | D:9      | Reached ** piety under Makhleb
 11255 | D:9      | Identified the +0 scale mail of the Gardener {rN+ Will+++}
 11316 | D:9      | Reached skill level 11 in Spellcasting
 11555 | D:10     | Entered Level 10 of the Dungeon
 11635 | Lair:1   | Entered Level 1 of the Lair of Beasts
 11913 | Lair:1   | Reached skill level 10 in Fighting
 12017 | Lair:1   | Noticed Sonja
 12034 | Lair:1   | Killed Sonja
 12769 | Lair:1   | Noticed a five-headed hydra
 12774 | Lair:1   | Killed a five-headed hydra
 12775 | Lair:1   | Reached skill level 12 in Spellcasting
 12775 | Lair:1   | Reached XP level 12. HP: 90/93 MP: 0/0
 13353 | Lair:1   | Identified the +3 rapier of Doom {vorpal, rPois rN+ Str-2}
 13806 | Lair:2   | Reached skill level 1 in Short Blades
 14460 | Lair:2   | Noticed a death yak
 14460 | Lair:2   | Noticed a death yak
 14472 | Lair:2   | Noticed an eight-headed hydra
 14656 | Lair:2   | Noticed a death yak
 14657 | Lair:2   | Noticed a death yak
 14657 | Lair:2   | Noticed a death yak
 14661 | Lair:2   | Killed a death yak
 14665 | Lair:2   | Killed a death yak
 14666 | Lair:2   | Reached skill level 5 in Stealth
 14673 | Lair:2   | Killed a death yak
 14673 | Lair:2   | Reached *** piety under Makhleb
 14674 | Lair:2   | Reached skill level 5 in Short Blades
 14678 | Lair:2   | Killed a death yak
 14679 | Lair:2   | Reached XP level 13. HP: 25/99 MP: 0/0
 14679 | Lair:2   | Learned a level 5 spell: Lightning Bolt
 15248 | Lair:2   | Killed an eight-headed hydra
 15416 | Lair:3   | Reached skill level 1 in Invocations
 15416 | Lair:3   | Reached skill level 1 in Evocations
 15486 | Lair:3   | Slain by a blink frog

Illustrated notes

Levels and vault maps discovered:
D:1:      lightli_arrival_boilingwater, layout_basic, basic_ecumenical_altar,
          minmay_gold_behind_fungi
D:2:      layout_rooms, uniq_crazy_yiuf_cottage
D:3:      layout_loops_cross, uniq_jessica, uniq_terence
D:4:      layout_gridville, overflow_temple_1_default, nicolae_uskayaw_suspiria
D:5:      layout_basic, zin_statuary, minmay_temple_entry_mist, serial_shops,
          nicolae_shop_statue_plus, kennysheep_generic_room_16
D:6:      layout_layer_cave, gammafunk_ghost_split, uniq_menkaure
D:7:      layout_loops_ring, trog_butcher_becter, mainiacjoe_overflow_boulevard,
          yredelemnul_forgotten_temple_becter,
          mainiacjoe_overflow_small_starburst, minmay_crossroads, uniq_duvessa,
          uniq_prince_ribbit1
D:8:      layout_loops_ring, nicolae_take_the_stairs,
          minmay_shop_enchanted_jewellery, roderic_lattice_a
D:9:      gammafunk_wand_slinger, layout_long_grid, due_lair_maze_entry_diamond,
          enter_bailey_4
D:10:     layout_basic, mainiacjoe_overflow_paths, lemuel_old_faithful
Temple:   eino_temple_water
Lair:1:   beast_lair_carwin_large_2, layout_gridlike, lemuel_fruit_tree,
          uniq_sonja
Lair:2:   layout_cave_pods, beast_lair_carwin_9
Lair:3:   layout_loops_ring, minmay_snake_entry_guardpost_small,
          grunt_megastairs_3

Skill      XL: |  1  2  3  4  5  6  7  8  9 10 11 12 13 |
---------------+----------------------------------------+-----
Fighting       | 1 2 3 4 6 7 9 10 11 | 11.0
Spellcasting   | 4 5 6 7 8 10 12 | 12.4
Short Blades   | 5 |  5.8
Stealth        | 5 6 |  6.1
Invocations    | 2 |  2.1
Evocations     | 2 |  2.1
Dodging        | |  2.1

Action                   |  1- 3 |  4- 6 |  7- 9 | 10-12 | 13-15 || total
-------------------------+-------+-------+-------+-------+-------++-------
Melee: Dagger            |    42 |    36 |    25 |    22 |       ||   125
       Punch             |     1 |     1 |       |     1 |       ||     3
       Short sword       |       |     2 |     1 |       |       ||     3
       Rapier            |       |       |    41 |    75 |       ||   116
 Cast: Necrotize         |    39 |    21 |    16 |     6 |       ||    82
       Freeze            |     1 |     2 |       |       |       ||     3
       Vampiric Draining |       |    27 |    33 |   100 |     8 ||   168
       Poisonous Vapours |       |     5 |    22 |    64 |    17 ||   108
       Animate Dead      |       |       |     2 |     6 |     1 ||     9
       Stone Arrow       |       |       |    27 |    59 |     6 ||    92
       Ensorcelled Hiber |       |       |       |     3 |       ||     3
       Agony             |       |       |       |     7 |       ||     7
       Cause Fear        |       |       |       |     2 |       ||     2
       Lightning Bolt    |       |       |       |       |     1 ||     1
Invok: Lesser Servant of |       |       |       |       |     1 ||     1
Evoke: Wand              |       |       |       |     3 |       ||     3
  Use: Scroll            |       |     4 |     5 |     6 |       ||    15
       Potion            |       |     1 |     2 |     4 |       ||     7
 Stab: Sleeping          |     1 |       |       |     4 |       ||     5
Armor: Robe              |     1 |       |       |       |       ||     1
       Leather armour    |     8 |    24 |    52 |    54 |       ||   138
       Ring mail         |       |       |       |    40 |     3 ||    43
Dodge: Dodged            |    30 |    42 |    90 |   156 |     8 ||   326

Table legend: (Time is in decaauts)
 A = Elapsed time spent in this place.
 B = Non-inter-level travel time spent in this place.
 C = Inter-level travel time spent in this place.
 D = Time resting spent in this place.
 E = Time spent auto-exploring this place.
 F = Levels seen in this place.
 G = Mean time per level.
                   A        B        C        D        E       F      G
               +--------+--------+--------+--------+--------+-----+--------+
         Total |  15513 |  15042 |    471 |   2476 |  10002 |  14 | 1108.1 |
       Dungeon |  11460 |  11080 |    380 |   1256 |   8015 |  10 | 1146.0 |
        Temple |    196 |    181 |     15 |      0 |     89 |   1 |  196.0 |
          Lair |   3856 |   3780 |     76 |   1220 |   1898 |   3 | 1285.3 |
               +--------+--------+--------+--------+--------+-----+--------+

Top non-repeatable levels by time:
  Lair:2: 2029 daAuts
     D:9: 1965 daAuts
     D:6: 1763 daAuts
  Lair:1: 1734 daAuts
     D:4: 1393 daAuts
     D:7: 1351 daAuts
     D:1: 1151 daAuts
     D:3: 1074 daAuts
     D:8: 1026 daAuts
     D:5: 886 daAuts
     D:2: 787 daAuts
  Temple: 196 daAuts
  Lair:3: 92 daAuts
    D:10: 60 daAuts
